 Dungeon Crawl Stone Soup version 0.24.0-123-gd5b16e6ec5 (webtiles) character file.

Game seed: 9996581290476265543, levelgen mode: deterministic

5763 Elellon the Basher (level 10, -1/90 HPs)
             Began as a Hill Orc Fighter on Jan 11, 2020.
             Was a Priest of Okawaru.
             Slain by a death yak (6 damage)
             ... on level 11 of the Dungeon.
             The game lasted 00:13:14 (9127 turns).

Elellon the Basher (Hill Orc Fighter)               Turns: 9127, Time: 00:13:15

Health: -1/90      AC: 17    Str: 27    XL:     10   Next: 78%
Magic:  8/10       EV: 12    Int: 16    God:    Okawaru [***...]
Gold:   161        SH: 13    Dex: 10    Spells: 9/9 levels left

rFire    . . .     SeeInvis .   v - +7 mace "Rakhon" {crush, MR++ Str+4}
rCold    + + +     Gourm    .   c - +0 shield
rNeg     . . .     Faith    .   K - +0 ice dragon scales
rPois    .         Spirit   .   C - +0 helmet of Paocoit {Int+8}
rElec    .         Reflect  .   w - scarf {rC+ rF+}
rCorr    .         Harm     .   b - +0 pair of gloves
MR       ++...                  (no boots)
Stlth    +.........             (no amulet)
HPRegen  0.25/turn              (no ring)
MPRegen  0.12/turn              (no ring)

@: heroism
A: no striking features
a: Heroism, Renounce Religion


You were on level 11 of the Dungeon.
You worshipped Okawaru.
Okawaru was most pleased with you.
You were not hungry.

You visited 2 branches of the dungeon, and saw 10 of its levels.
You also visited: Sewer.

You collected 341 gold pieces.
You spent 180 gold pieces at shops.

Inventory:

Hand Weapons
 a - a +0 war axe
 v - the +7 mace "Rakhon" (weapon) {crush, MR++ Str+4}
   (You found it on level 4 of the Dungeon)

   It inflicts extra damage upon your enemies.
   It affects your strength (+4).
   It affects your resistance to hostile enchantments.
Armour
 b - a +0 pair of gloves (worn)
 c - a +0 shield (worn)
 w - a scarf of resistance (worn)
 C - the +0 helmet of Paocoit (worn) {Int+8}
   (You bought it in a shop on level 5 of the Dungeon)

   It affects your intelligence (+8).
 K - +0 ice dragon scales (worn)
Jewellery
 z - an uncursed ring of fire {unknown}
 B - an uncursed ring of see invisible {unknown}
Wands
 J - a wand of paralysis (11)
Scrolls
 e - 8 scrolls of remove curse {unknown}
 h - a scroll of amnesia {unknown}
 j - 6 scrolls of teleportation {unknown}
 l - 13 scrolls of identify {unknown}
 n - 4 scrolls of enchant armour {unknown}
 q - 2 scrolls of enchant weapon {unknown}
 t - 3 scrolls of blinking {unknown}
 y - 4 scrolls of fear {unknown}
 A - 3 scrolls of magic mapping {unknown}
 F - a scroll of summoning {unknown}
 G - a scroll of silence {unknown}
 H - a scroll of acquirement {unknown}
 I - a scroll of immolation {unknown}
Potions
 d - 3 potions of might
 g - 2 potions of resistance {unknown}
 i - 3 potions of brilliance {unknown}
 k - 3 potions of ambrosia {unknown}
 m - 2 potions of agility {unknown}
 o - 3 potions of haste {unknown}
 p - 3 potions of curing
 r - 2 potions of flight {unknown}
 u - a potion of mutation {unknown}
 x - 8 potions of degeneration {unknown}
 D - a potion of berserk rage {unknown}
 E - 2 potions of heal wounds {unknown}
Comestibles
 f - 16 rations
 s - 6 chunks of flesh


   Skills:
 + Level 8.7(13.7) Fighting
 - Level 8.9(16.2) Axes
 * Level 9.6(15.6) Maces & Flails
 + Level 8.0(13.0) Armour
 + Level 8.0(13.0) Shields


You had 9 spell levels left.
You didn't know any spells.
Your spell library was empty.

Dungeon Overview and Level Annotations

Branches:
Dungeon (8/15)             Temple (1/1) D:6           Sewer (visited)
   Lair: D:8-11

Altars:
Ashenzari
Cheibriados
Elyvilon
Fedhas
Gozag
Hepliaklqana
Kikubaaqudgha
Makhleb
Nemelex Xobeh
Okawaru
Qazlal
Ru
Trog
Uskayaw
Vehumet
Wu Jian
Xom
Yredelemnul
Zin
The Shining One

Shops:
D:5 *


Message History

The death yak is moderately wounded.
The death yak gores you!
* * * LOW HITPOINT WARNING * * *
You gain the combat prowess of a mighty hero.
You block the death yak's attack.
You sock the death yak!
The death yak is heavily wounded.
You hit the death yak.
The death yak is heavily wounded.
The death yak gores you but does no damage.
You hit the death yak but do no damage.
The death yak is heavily wounded.
The death yak snorts and paws the ground.
The death yak completely misses you.
You hit the death yak.
The death yak is heavily wounded.
You sock the death yak!
The death yak is severely wounded.
The death yak gores you.
You die... ..#.##### #.#.#.........#. #........ ..... ##......# ..... ........# .l. #.......# rrr

#.......+ #Y#
#.......# #Y#
#.......# #@#
#......)# #.#
#.......####.#
#.#..........#
# #.##########
#. #


You could see 2 death yaks, an iguana, a river rat, a quokka and a rat.

Vanquished Creatures
  Harold (D:7)
  A two-headed ogre (D:11)
  A death yak (D:11)
  Joseph (D:7)
  Grinder (D:5)
  A wyvern (D:8)
  A hungry ghost (D:7)
  2 porcupines (D:11)
  An orc warrior (D:8)
  A sky beast (D:5)
  2 ice beasts
  2 phantoms
  4 ogres
  3 centaurs
  2 bullfrogs (D:6)
  8 wights
  2 howler monkeys (D:7)
  4 crimson imps
  A quasit (D:6)
  3 hounds
  3 orc priests
  A bullfrog skeleton (D:6)
  2 centaur skeletons
  An iguana (D:5)
  Natasha (twice) (D:4)
  8 orc wizards
  5 worker ants
  A hound skeleton (D:4)
  A howler monkey zombie (D:5)
  3 gnolls (D:5)
  13 adders
  A shadow imp (D:7)
  2 oozes
  An adder zombie (D:5)
  10 worms
  3 dart slugs
  4 leopard geckos
  24 orcs
  3 ball pythons
  9 bats
  7 giant cockroaches
  15 goblins
  13 hobgoblins
  13 jackals
  3 quokkas
  15 frilled lizards
  11 kobolds
  A quokka skeleton (D:5)
  10 rats
227 creatures vanquished.

Vanquished Creatures (others)
  5 bushes (D:11)
5 creatures vanquished.

Grand Total: 232 creatures vanquished

Notes
Turn   | Place    | Note
-------+----------+-------------------------------------------
     0 | D:1      | Elellon the Hill Orc Fighter began the quest for the Orb.
     0 | D:1      | Reached XP level 1. HP: 19/19 MP: 1/1
   172 | D:1      | Reached XP level 2. HP: 26/26 MP: 2/2
   903 | D:2      | Reached XP level 3. HP: 28/31 MP: 3/3
   959 | D:2      | Reached skill level 5 in Axes
  1158 | D:2      | Noticed an ogre
  1506 | D:2      | Reached XP level 4. HP: 39/39 MP: 4/4
  1893 | D:2      | Killed an ogre
  1893 | D:2      | Reached XP level 5. HP: 13/45 MP: 5/5
  2135 | D:2      | Found a faded altar of an unknown god.
  2588 | D:3      | Reached XP level 6. HP: 46/52 MP: 6/6
  2640 | D:3      | Noticed a +0 dagger
  2641 | D:3      | Noticed a +0 dagger
  3467 | D:3      | Found a hide-covered altar of Uskayaw.
  3569 | D:3      | Found a stormy altar of Qazlal.
  3652 | D:3      | Found an ancient bone altar of Kikubaaqudgha.
  3977 | D:4      | Reached XP level 7. HP: 59/59 MP: 7/7
  4078 | D:4      | Got a translucent mace
  4204 | D:4      | Identified the +7 mace "Rakhon" {crush, MR++ Str+4} (You
                  | found it on level 4 of the Dungeon)
  4208 | D:4      | Reached skill level 1 in Maces & Flails
  4442 | D:4      | Noticed Natasha
  4450 | D:4      | Killed Natasha
  4578 | D:4      | Found a glowing drain.
  4587 | Sewer    | Entered a sewer
  5049 | D:4      | Found a glowing silver altar of Zin.
  5049 | D:4      | Found a hazy altar of Hepliaklqana.
  5194 | D:4      | Noticed Natasha
  5199 | D:4      | Killed Natasha
  5199 | D:4      | Reached skill level 2 in Maces & Flails
  5524 | D:5      | Entered Level 5 of the Dungeon
  5540 | D:5      | Reached skill level 5 in Fighting
  5540 | D:5      | Reached XP level 8. HP: 38/68 MP: 8/8
  5704 | D:5      | Reached skill level 3 in Maces & Flails
  5901 | D:5      | Reached skill level 5 in Armour
  5901 | D:5      | Reached skill level 5 in Shields
  5907 | D:5      | Reached skill level 4 in Maces & Flails
  5925 | D:5      | Found Vide's Assorted Antiques.
  5941 | D:5      | Bought a faintly humming helmet for 180 gold pieces
  5946 | D:5      | Identified the +0 helmet of Paocoit {Int+8} (You bought it
                  | in a shop on level 5 of the Dungeon)
  6018 | D:5      | Noticed Grinder
  6037 | D:5      | Killed Grinder
  6442 | D:5      | Found a glowing golden altar of the Shining One.
  6446 | D:5      | Found a burning altar of Makhleb.
  6446 | D:5      | Found a snail-covered altar of Cheibriados.
  6526 | D:6      | Reached skill level 5 in Maces & Flails
  6583 | D:6      | Reached XP level 9. HP: 74/75 MP: 9/9
  6628 | D:6      | Found a staircase to the Ecumenical Temple.
  6663 | Temple   | Entered the Ecumenical Temple
  6953 | Temple   | Became a worshipper of Warmaster Okawaru
  6998 | D:6      | Found a shattered altar of Ashenzari.
  7030 | D:6      | Found a blossoming altar of Fedhas.
  7306 | D:6      | Found a white marble altar of Elyvilon.
  7337 | D:6      | Reached skill level 6 in Maces & Flails
  7609 | D:7      | Noticed Joseph
  7625 | D:7      | Killed Joseph
  7628 | D:7      | Reached * piety under Okawaru
  7637 | D:7      | Noticed Harold
  7974 | D:7      | Killed Harold
  7974 | D:7      | Reached skill level 7 in Maces & Flails
  8268 | D:7      | Reached XP level 10. HP: 64/86 MP: 10/10
  8383 | D:7      | Reached skill level 8 in Maces & Flails
  8611 | D:7      | Reached ** piety under Okawaru
  8989 | D:8      | You fall into a shaft and drop 3 floors!
  8990 | D:11     | Noticed a two-headed ogre
  8998 | D:11     | Killed a two-headed ogre
  8998 | D:11     | Reached skill level 9 in Maces & Flails
  9097 | D:11     | Noticed a death yak
  9101 | D:11     | Noticed a death yak
  9105 | D:11     | Noticed a death yak
  9116 | D:11     | Killed a death yak
  9116 | D:11     | Reached *** piety under Okawaru
  9121 | D:11     | HP: 4/90 [death yak (11)]
  9127 | D:11     | Slain by a death yak

Levels and vault maps discovered:
D:1:      wander_arrival_peaceful_grave, layout_basic
D:2:      layout_loops_ring, first_ration, chequers_ecumenical_altar_twisty
D:3:      layout_loops_ring, dancing_weapons_uskayaw, lemuel_doored_altar,
          grunt_qazlal_sundering, kennysheep_boxes
D:4:      layout_layer_cave, gammafunk_temple_overflow_elements,
          cheibrodos_sewer_entry_bend, uniq_natasha
D:5:      corexii_shantytown, layout_basic, minitemple, serial_shops,
          nicolae_shop_overgrown_old_shop, uniq_grinder
D:6:      layout_loops_corners, elyvilon_altar_3, kennysheep_mini_moat,
          nicolae_ashenzari_panopticon, minmay_temple_entry_glass
D:7:      layout_loops_ring, uniq_harold, uniq_joseph
D:8:      layout_loops_ring, tgw_sif, grunt_dithmenos_smoke_and_mirrors,
          hangedman_ranch [blue_anna_fruit_fields], minivault_12
D:11:     layout_basic, dpeg_lair_monsters, enter_bailey_2,
          fedhas_bush_and_centaur_altar, uniq_nergalle
Temple:   compressed_dpeg_triangle_lava_temple

Skill      XL: |  1  2  3  4  5  6  7  8  9 10 |
---------------+-------------------------------+-----
Axes           | 3 4 5 7 8 |  8.9
Fighting       | 4 5 6 7 8 |  8.7
Armour         | 4 5 7 8 |  8.0
Shields        | 4 5 6 8 |  8.0
Maces & Flails | 2 5 7 9 |  9.6

Action                   |  1- 3 |  4- 6 |  7- 9 | 10-12 || total
-------------------------+-------+-------+-------+-------++-------
Melee: War axe           |   110 |   174 |    46 |       ||   330
       Mace              |       |       |   306 |   103 ||   409
Invok: Heroism           |       |       |       |     1 ||     1
  Eat: Chunk             |     2 |     8 |    13 |     3 ||    26
       Ration            |       |       |       |     1 ||     1
Armor: Scale mail        |    52 |    56 |       |       ||   108
       Chain mail        |       |    12 |   141 |     7 ||   160
       Ice dragon scales |       |       |       |    18 ||    18
Dodge: Dodged            |    30 |    37 |    72 |     6 ||   145
Block: Shield            |    74 |    76 |   167 |    42 ||   359
